 Dungeon Crawl Stone Soup version 0.31.0-4-g52a2dc7128 (webtiles) character file.

Game seed: 13007138821910608742

136 gelatine the Covered (level 4, -2/31 (35) HPs)
             Began as a Demonspawn Fighter on Jan 21, 2024.
             Slain by Crazy Yiuf
             ... wielding a +3 quarterstaff of chaos
              (4 damage)
             ... on level 2 of the Dungeon.
             The game lasted 00:03:52 (1613 turns).

gelatine the Covered (Demonspawn Fighter)           Turns: 1613, Time: 00:03:53

HP:   -2/31 (35)    AC:  8    Str: 18    XL:     4   Next: 98%
MP:   4/4           EV:  9    Int:  8    God:
Gold: 96            SH:  6    Dex: 21    Spells: 3/3 levels left

rFire   . . .        a - +0 war axe
rCold   . . .        c - +0 buckler
rNeg    . . .        b - +0 scale mail
rPois   .            o - +0 helmet
rElec   .            (no cloak)
rCorr   .            (no gloves)
SInv    .            (no boots)
Will    .....        q - amulet of the acrobat
Stlth   ++           j - +6 ring of dexterity
HPRegen 0.25/turn    (no ring)
MPRegen 0.09/turn

%: acrobat
@: mighty, heavily drained
A: thin skeletal structure 1, ignite blood 1
a: no special abilities


You were on level 2 of the Dungeon.
You visited 1 branch of the dungeon, and saw 2 of its levels.

You collected 121 gold pieces.
You spent 25 gold pieces at shops.

Inventory:

Hand Weapons
 a - a +0 war axe (weapon)
Missiles
 i - 30 stones (quivered)
 t - 2 datura-tipped darts
Armour
 b - a +0 scale mail (worn)
 c - a +0 buckler (worn)
 o - a +0 helmet (worn)
Jewellery
 j - a +6 ring of dexterity (left hand)
 q - an amulet of the acrobat (around neck)
Wands
 n - a wand of flame (15)
Scrolls
 f - a scroll of immolation {unknown}
 l - a scroll of vulnerability {unknown}
 m - a scroll of enchant armour {unknown}
 p - a scroll of torment {unknown}
 s - a scroll of identify {unknown}
Potions
 e - a potion of mutation {unknown}
 g - a potion of enlightenment {unknown}
 h - 4 potions of lignification {unknown}
 k - a potion of heal wounds {unknown}
 r - a potion of resistance {unknown}


   Skills:
 + Level 3.5 Fighting
 + Level 3.2 Axes
 + Level 3.5 Armour
 + Level 0.4 Dodging
 + Level 0.3 Stealth
 + Level 3.0 Shields


You had 3 spell levels left.
You didn't know any spells.
Your spell library was empty.

Dungeon Overview and Level Annotations

Branches:
Dungeon (2/15)

Altars:

Shops:
D:2 [(!(

Annotations:
D:2 Crazy Yiuf


Innate Abilities, Weirdness & Mutations

You have a somewhat thin skeletal structure. (Dex +2, Stealth+)
Your demonic aura sometimes causes spilled blood to erupt in flames.


Message History

i - 30 stones (gained 4)
You open the door.
There is an open door here.
There is an open door here.
There is an entrance to Waemuge's Antique Armour Boutique here.
You see here a +0 hammer.
Crazy Yiuf shouts!
Crazy Yiuf yells, "Paint light high!"
You open the door. You completely miss Crazy Yiuf.
Crazy Yiuf barely misses you.
You hit Crazy Yiuf but do no damage. Crazy Yiuf barely misses you.
Crazy Yiuf laughs, "Fluff shrimp high!"
Crazy Yiuf hits you with a +3 quarterstaff of chaos!
You feel drained.
You hit Crazy Yiuf.
Crazy Yiuf is lightly wounded.
Crazy Yiuf hits you with a +3 quarterstaff of chaos.
You feel drained.
You closely miss Crazy Yiuf.
Crazy Yiuf is lightly wounded.
Crazy Yiuf closely misses you. You block Crazy Yiuf's attack.
You hit Crazy Yiuf but do no damage.
Crazy Yiuf is lightly wounded.
You block Crazy Yiuf's attack.
You slash Crazy Yiuf!
Crazy Yiuf is severely wounded.
Crazy Yiuf hits you with a +3 quarterstaff of chaos!
Crazy Yiuf burns you.
* * * LOW HITPOINT WARNING * * *
You hit Crazy Yiuf.
Crazy Yiuf is almost dead.
Crazy Yiuf says, "Prologue!
Dawk meccalolo sing-song."
You block Crazy Yiuf's attack.
Crazy Yiuf hits you with a +3 quarterstaff of chaos.
* * * LOW HITPOINT WARNING * * *
You feel drained.
* * * LOW HITPOINT WARNING * * *
You feel very mighty all of a sudden.
Crazy Yiuf hits you with a +3 quarterstaff of chaos.
You die...

#### ######## #...
.......# #.## .......#
#.# .......###♣♣ ###
#.# ...........♣♣
♣♣#..)# #######.##
..........PP♣♣♣♣@g...#
#........>
...........P.♣..♣#...#
#######.#.
.......#..P)♣.♣♣♣ ###
#.#. .......###♣♣♣♣♣
######.#+ .......#
#........ ...∩...#
###### #........
.......#
#'##'#########........
.......#
#.##.##......'........
.......#
#.##.##'######........


You could see Crazy Yiuf.

Vanquished Creatures
  Terence (D:2)
  Robin (D:2)
  4 adders (D:2)
  A ball python (D:1)
  7 endoplasms
  A giant cockroach (D:1)
  9 hobgoblins
  7 jackals
  4 quokkas
  4 bats
  5 frilled lizards
  9 goblins (D:2)
  2 kobolds (D:1)
  4 rats
59 creatures vanquished.

Notes
Turn   | Place    | Note
-------+----------+-------------------------------------------
     0 | D:1      | gelatine the Demonspawn Fighter began the quest for the
                  | Orb.
     0 | D:1      | Reached XP level 1. HP: 18/18 MP: 1/1
    44 | D:1      | Gained mutation: Your demonic aura sometimes causes spilled
                  | blood to erupt in flames. [demonic ancestry]
    44 | D:1      | Reached XP level 2. HP: 24/24 MP: 2/2
   643 | D:1      | Found a faded altar of an unknown god.
   682 | D:2      | Found Gaepem's Weapon Shoppe.
   689 | D:2      | Gained mutation: You have a somewhat thin skeletal
                  | structure. (Dex +2, Stealth+) [demonic ancestry]
   689 | D:2      | Reached XP level 3. HP: 20/29 MP: 3/3
   788 | D:2      | Noticed Robin
   798 | D:2      | Killed Robin
   799 | D:2      | Reached XP level 4. HP: 16/35 MP: 4/4
   897 | D:2      | Found Nypifad's Distillery.
  1252 | D:2      | Found Muavutaob's Weapon Boutique.
  1272 | D:2      | Bought 2 datura-tipped darts for 25 gold pieces
  1282 | D:2      | Found a runed translucent door.
  1283 | D:2      | Noticed Crazy Yiuf
  1298 | D:2      | Found Waemuge's Antique Armour Boutique.
  1512 | D:2      | Noticed Terence
  1519 | D:2      | Killed Terence
  1612 | D:2      | HP: 1/31 [Crazy Yiuf/+3 quarterstaff of chaos (2)]
  1613 | D:2      | Slain by Crazy Yiuf

Illustrated notes

Levels and vault maps discovered:
D:1:      dpeg_arrival_stone_temple_mockup, layout_basic,
          shapermc_ecumenical_altar_petra
D:2:      layout_basic, serial_shops, shop, shop, shop, shop,
          kennysheep_pointless_box, uniq_crazy_yiuf_cottage, uniq_robin,
          uniq_terence

Skill      XL: |  1  2  3  4 |
---------------+-------------+-----
Axes           | 2 3 |  3.2
Armour         | 3 |  3.5
Shields        | 3 |  3.0
Fighting       | |  3.5
Dodging        | |  0.4
Stealth        | |  0.3

Action                     |  1- 3 |  4- 6 || total
---------------------------+-------+-------++-------
  Melee: War axe           |    84 |    56 ||   140
  Throw: Stone             |     3 |       ||     3
    Use: Potion            |       |     1 ||     1
 Armour: Scale mail        |    92 |    33 ||   125
  Dodge: Dodged            |    61 |    21 ||    82
  Block: Buckler           |    21 |    18 ||    39
